 Dungeon Crawl Stone Soup version 0.28-a0-751-gef3a642a4e (webtiles) character file.

Game seed: 1774530286388901346

0 spiderkeys the Skirmisher (level 1, 0/14 HPs)
             Began as a Gargoyle Abyssal Knight on Oct 31, 2021.
             Was a Follower of Lugonu.
             Slain by a thrashing horror (2 damage)
             ... on level 1 of the Abyss.
             The game lasted 00:00:11 (131 turns).

spiderkeys the Skirmisher (Gargoyle Abyssal Knight)  Turns: 131, Time: 00:00:12

Health: 0/14       AC:  5    Str: 16    XL:     1   Next: 0%
Magic:  2/2        EV: 11    Int: 10    God:    Lugonu [*.....]
Gold:   0          SH:  0    Dex: 10    Spells: 0/0 levels left

rFire   . . .      SeeInvis .   a - +1 mace
rCold   . . .      Faith    .   (no shield)
rNeg    + . .      Spirit   .   b - +0 leather armour
rPois   ∞          Reflect  .   (no helmet)
rElec   +          Harm     .   (no cloak)
rCorr   .          Rampage  .   (no gloves)
Will    .....                   (no boots)
Stlth   +.........              (no amulet)
HPRegen 0.04/turn               (no ring)
MPRegen 0.08/turn               (no ring)

@: no status effects
A: sickness immunity, AC +2, negative energy resistance 1, electricity
resistance, torment resistance 1, petrification resistance
a: Renounce Religion, Depart the Abyss


You were on level 1 of the Abyss.
You worshipped Lugonu.
Lugonu was aware of your devotion.
You visited 0 branches of the dungeon, and saw 0 of its levels.
You visited the Abyss 1 time.


Innate Abilities, Weirdness & Mutations

You are immune to sickness and miasma.
Your stone body is resilient. (AC +2)
You are immune to poison.
You resist negative energy. (rN+)
You are resistant to electric shocks. (rElec)
You are resistant to unholy torment.
You are immune to petrification.


   Skills:
 + Level 3.2 Fighting
 + Level 2.0 Maces & Flails
 + Level 2.1 Armour
 + Level 0.7 Dodging
 + Level 2.0 Invocations


You couldn't memorise any spells.
You didn't know any spells.
Your spell library was empty.

Inventory:

Hand Weapons
 a - a +1 mace (weapon)
Missiles
 c - 13 stones
Armour
 b - a +0 leather armour (worn)

Dungeon Overview and Level Annotations

Branches:
Dungeon (0/15)

Altars:

.# . .## ≈≈≈ .# ## .
.# ≈≈≈≈ .. .# .......
≈X≈≈≈ .##.# ##.##.#
│≈≈≈ #.# ###.#.....
#≈≈≈#≈ .#..# ...# ####
##≈≈≈≈≈ #. ..
.#@X###.≈x≈≈≈≈ . . .
.# #.####x§§.##
....#..#..#...#.#E...#
# . .# ...#.§.. #..#
##..###....# # .#..#.#
.# ##.#. # .#..#.E.##.
.# ## . ..
#.#.#..#...#### .# #
≈≈≈...# ###.#........#
.. ≈≈≈≈##. # # #
#...#.#.. #.


You could see an ancient zyme and a thrashing horror.


Message History

🤖 Initializing magus.rc ... ✅ Successfully initialized magus.rc [v1.9.10] Welcome, spiderkeys the Gargoyle Abyssal Knight.
Will you be the one to retrieve the magnificent Orb of Zot from the depths?
Be careful!
Halloween tonight.
Lugonu says: Depart the Abyss and spread corruption, my servant! (use the ability menu to exit the Abyss) Press ? for a list of commands and other information.
Found a corrupted altar of Lugonu.
c - 13 stones A deep elf elementalist comes into view.
It is wielding a +0 long sword.
The deep elf elementalist shouts!
You hear rumbling.
You hear a bellow!
A tentacled starspawn comes into view.
A tentacle flies out from the starspawn's body!
A starspawn tentacle comes into view.
A starspawn tentacle comes into view.
The starspawn tentacle grabs you.
The starspawn tentacle constricts you. 😕 HP[-2]
You take 2 damage, and now have 12/14 hp.
You escape the starspawn tentacle's grasp. 😕 HP[+1]
An ancient zyme comes into view.
Some walls begin to move on their own!
You hear a shout!
You hear rumbling.
You hear rumbling.
You see here a scroll labelled PEGUEMPIKIP.
As you read the scroll labelled PEGUEMPIKIP, it crumbles to dust.
The scroll dissolves into smoke.
It was a scroll of fog.
A thrashing horror comes into view.
You closely miss the thrashing horror. The thrashing horror tramples you!
Ouch! That really hurt!
* * * LOW HITPOINT WARNING * * *
You hold your ground!
The thrashing horror misses you. The thrashing horror tramples you.
You die...

Action                   || total
-------------------------++-------
Melee: Mace              ||     1
  Use: Scroll            ||     1
Dodge: Dodged            ||     1

Levels and vault maps discovered:
Abyss:1:  base: Temple, minivault_13, base:
Temple

Notes
Turn   | Place    | Note
-------+----------+-------------------------------------------
     0 | Abyss:1  | spiderkeys the Gargoyle Abyssal Knight began the quest for
                  | the Orb.
     0 | Abyss:1  | Reached XP level 1. HP: 14/14 MP: 2/2
     0 | Abyss:1  | magus.rc [v1.9.10]
   116 | Abyss:1  | Noticed a deep elf elementalist
   122 | Abyss:1  | Noticed a tentacled starspawn
   125 | Abyss:1  | Noticed an ancient zyme
   126 | Abyss:1  | Noticed an earth elemental
   127 | Abyss:1  | Noticed an earth elemental
   128 | Abyss:1  | Noticed an earth elemental
   130 | Abyss:1  | Noticed a thrashing horror
   131 | Abyss:1  | HP: 2/14 [thrashing horror (11)]
   131 | Abyss:1  | Slain by a thrashing horror

Vanquished Creatures (others)
  2 starspawn tentacles (Abyss:1)
2 creatures vanquished.

Table legend:
 A = Non-vault XP
 B = Vault XP
 C = Vault XP percentage of total XP
 D = Non-vault monster count
 E = Vault monster count
 F = Vault count percentage of total count
                 A         B        C        D         E       F
            +---------+---------+-------+---------+---------+-------
      Total |       0 |       0 |   N/A |       0 |       0 |  -nan
            +---------+---------+-------+---------+---------+-------
            +---------+---------+-------+---------+---------+-------

Illustrated notes

Table legend: (Time is in decaauts)
 A = Elapsed time spent in this place.
 B = Non-inter-level travel time spent in this place.
 C = Inter-level travel time spent in this place.
 D = Time resting spent in this place.
 E = Time spent auto-exploring this place.
 F = Levels seen in this place.
 G = Mean time per level.
                   A        B        C        D        E       F      G
               +--------+--------+--------+--------+--------+-----+--------+
         Total |    131 |    131 |      0 |      0 |    116 |   1 |  131.0 |
         Abyss |    131 |    131 |      0 |      0 |    116 |   1 |  131.0 |
               +--------+--------+--------+--------+--------+-----+--------+

Top non-repeatable levels by time:
 Abyss:1: 131 daAuts
